 Dungeon Crawl Stone Soup version 0.17-a0-1914-gde4187c (webtiles) character file.

368 tp1 the Skirmisher (level 6, -1/39 HPs)
             Began as a Gargoyle Berserker on Sept 26, 2015.
             Was a Priest of Trog.
             Killed from afar by Blork the orc (3 damage)
             ... with a magic dart
             ... on level 4 of the Dungeon.
             The game lasted 00:14:44 (1941 turns).

tp1 the Skirmisher (Gargoyle Berserker)             Turns: 1941, Time: 00:14:47

Health: -1/39      AC: 12    Str: 22    XL:     6   Next: 69%
Magic:  6/6        EV: 11    Int:  7    God:    Trog [***...]
Gold:   86         SH:  0    Dex: 10    Spells: 0 memorised, 5 levels left

rFire  . . .     SeeInvis .     a - +0 hand axe
rCold  . . .     Clarity  .     e - +0 scale mail
rNeg   + . .     SustAt   .     (no shield)
rPois  ∞         Gourm    .     p - +0 helmet
rElec  +         Spirit   .     (no cloak)
rCorr  .         Warding  .     (no gloves)
rMut   .         Stasis   .     (no boots)
MR     .....                    (no amulet)
Stlth  ..........               (no ring)
                                (no ring)

@: confused, not resistant to hostile enchantments, extremely unstealthy
A: negative energy resistance 1, electricity resistance, unbreathing,
petrification resistance, rot immunity, AC +4
a: Burn Spellbooks, Berserk, Trog's Hand, Renounce Religion


You were on level 4 of the Dungeon.
You worshipped Trog.
Trog was most pleased with you.
You were not hungry.

You visited 1 branch of the dungeon, and saw 4 of its levels.

You collected 86 gold pieces.

Inventory:

Hand weapons
 a - a +0 hand axe (weapon)
Armour
 b - a +0 animal skin
 e - a +0 scale mail (worn)
 p - a +0 helmet (worn)
Jewellery
 d - an uncursed ring of poison resistance {unknown}
 u - a +3 ring of protection {unknown}
Magical devices
 q - a wand of teleportation (3)
 v - a wand of frost (14)
Scrolls
 f - a scroll of fog {unknown}
 h - a scroll of magic mapping {unknown}
 i - 2 scrolls of amnesia {unknown}
 k - 2 scrolls of random uselessness {unknown}
 m - a scroll of immolation {unknown}
 r - a scroll of teleportation {unknown}
 w - a scroll of identify {unknown}
Potions
 j - a potion of cure mutation {unknown}
 l - 2 potions of might {unknown}
 s - a potion of degeneration {unknown}
 z - a potion of magic {unknown}
 A - a potion of poison {unknown}
Comestibles
 c - 2 bread rations
 g - a slice of pizza
 n - 5 fruits
 o - 3 chunks of flesh
 t - a meat ration
 x - a beef jerky


   Skills:
 + Level 4.7 Fighting
 + Level 4.0 Axes
 + Level 4.0 Armour
 + Level 3.2 Dodging
 + Level 0.2 Stealth


You had 5 spell levels left.
You didn't know any spells.

Dungeon Overview and Level Annotations

Branches:
Dungeon (4/15)
 Temple: D:4-7

Altars:
Dithmenos
Vehumet

Annotations:
D:4 Blork the orc


Innate Abilities, Weirdness & Mutations

You are resistant to torment.
Your stone body is resilient (AC +4).
You are immune to poison.
You resist negative energy.
You are resistant to electric shocks.
You can survive without breathing.
You are immune to petrification.
You are immune to rotting.


Message History

The magic dart hits you!
* * * LOW HITPOINT WARNING * * *
You barely miss Blork the orc.
Blork the orc is almost dead.
Blork the orc zaps a wand.
You are more confused.
You miss Blork the orc.
Blork the orc is almost dead.
Blork the orc hits you but does no damage.
Blork the orc zaps a wand.
You resist with some effort.
You bump into the rock wall.
Blork the orc zaps a wand.
You resist with some effort.
You hit the plant but do no damage. You hit Blork the orc.
Blork the orc is almost dead.
Blork the orc points at you and mumbles some strange words.
The puff of frost hits you!
* * * LOW HITPOINT WARNING * * *
Blork the orc casts a spell at you. The magic dart hits you!
You die...

### .. ##.# ...#
..##
..#########...####
.........@........
...####.oP..####.
#..#'##..#####
####..#..#...#
#..'..#..'...#
##+#..####'######
#..........# .#
#..####....# ..#
##.#..####.## #.#


You could see Blork the orc.

Vanquished Creatures
  Menkaure (D:4)
  2 orc priests (D:3)
  3 gnolls (D:4)
  9 adders
  4 worms
  4 orcs
  A giant cockroach (D:1)
  9 goblins
  10 hobgoblins
  2 ball pythons (D:3)
  6 bats
  3 giant geckos (D:2)
  2 giant newts (D:1)
  4 jackals (D:2)
  6 kobolds
  10 rats
76 creatures vanquished.

Notes
Turn   | Place    | Note
--------------------------------------------------------------
     0 | D:1      | tp1 the Gargoyle Berserker began the quest for the Orb.
     0 | D:1      | Reached XP level 1. HP: 14/14 MP: 1/1
   120 | D:1      | Reached XP level 2. HP: 9/19 MP: 2/2
   225 | D:2      | Reached XP level 3. HP: 15/24 MP: 3/3
   568 | D:2      | Reached skill level 4 in Fighting
   735 | D:2      | Found a radiant altar of Vehumet.
   738 | D:2      | Reached XP level 4. HP: 29/29 MP: 4/4
   787 | D:2      | Found a shadowy altar of Dithmenos.
   913 | D:2      | Acquired Trog's second power
  1256 | D:3      | Reached XP level 5. HP: 29/34 MP: 5/5
  1740 | D:4      | Reached XP level 6. HP: 39/39 MP: 6/6
  1864 | D:4      | Noticed Menkaure
  1872 | D:4      | Killed Menkaure
  1917 | D:4      | Noticed Blork the orc
  1941 | D:4      | Killed from afar by Blork the orc

Vault maps used:
D:1:      lightli_iron_boxes
D:2:      nicolae_overflow_hidden_temple, first_bread,
          nicolae_dithmenos_shadow_blocks
D:4:      corexii_shantytown, lemuel_round_altar, nicolae_ossuary_entry_ruins,
          hangedman_decor_diamond_cutter, uniq_blork_the_orc, uniq_sigmund,
          uniq_menkaure, uniq_duvessa

Action                   |  1- 3 |  4- 6 || total
-------------------------+-------+-------++-------
Melee: Hand axe          |    83 |   156 ||   239
Invok: Berserk           |     2 |     5 ||     7
  Eat: Chunk             |     1 |     9 ||    10
       Fruit             |       |     1 ||     1
